 Dungeon Crawl Stone Soup version 0.18.1-48-g4cf74bf (webtiles) character file.

438183 curty the Brilliant (level 22, -21/190 HPs)
             Began as a Deep Dwarf Necromancer on Aug 20, 2016.
             Was a High Priest of Pakellas.
             Killed from afar by a deep elf mage (37 damage)
             ... with a bolt of cold
             ... on level 5 of the Vaults on Aug 21, 2016.
             The game lasted 13:45:19 (49164 turns).

curty the Brilliant (Deep Dwarf Necromancer)       Turns: 49164, Time: 13:45:49

Health: -21/190    AC: 32    Str: 32    XL:     22   Next: 97%
Magic:  29/38      EV: 18    Int: 22    God:    Pakellas [*****.]
Gold:   1704       SH:  0    Dex: 17    Spells: 6 memorised, 14 levels left

rFire  + + .     SeeInvis +     s - +3 executioner's axe of Defence {flame, rPois rN+ Dex-4 SInv}
rCold  . . .     Gourm    +     d - +4 fire dragon armour
rNeg   + + +     Faith    .     (shield currently unavailable)
rPois  +         Spirit   .     y - +2 helmet
rElec  .         Dismiss  .     b - +2 cloak {+Inv}
rCorr  .         Reflect  .     H - +1 pair of gloves {Str+3}
SustAt .         Harm     .     D - +0 pair of boots {run}
MR     +++..                    U - amulet of Mirth {Gourm Fragile rN++}
Stlth  ++........               S - ring of Grace {Ice Str+8 Int+3}
                                N - ring "Wech" {rF+ Str+4 Int-2 Dex+8}

@: non-regenerating, quick, extremely resistant to hostile enchantments,
unstealthy
A: damage resistance, recharge devices, negative energy resistance 1, sense
surroundings 3, slow regeneration 3
a: Device Recharging, Quick Charge, Device Surge, Renounce Religion, Evoke
Invisibility
}: 2/15 runes: decaying, gossamer


You were on level 5 of the Vaults.
You worshipped Pakellas.
Pakellas was extremely pleased with you.
You were very full.

You visited 8 branches of the dungeon, and saw 42 of its levels.
You visited the Abyss 1 time.
You visited 1 bazaar.
You also visited: Ossuary, Ice Cave and Volcano.

You collected 5861 gold pieces.
You spent 4157 gold pieces at shops.

Inventory:

Hand Weapons
 s - the +3 executioner's axe of Defence (weapon) {flame, rPois rN+ Dex-4 SInv}
   (You found it on level 8 of the Lair of Beasts)

   It has been specially enchanted to burn those struck by it, causing extra
   injury to most foes and up to half again as much damage against particularly
   susceptible opponents.
   Big, fiery blades are also staple armaments of hydra-hunters.
   It affects your dexterity (-4).
   It protects you from poison.
   It protects you from negative energy.
   It lets you see invisible.
 R - a +4 battleaxe of freezing
Armour
 b - a +2 cloak of invisibility (worn)
 d - a +4 fire dragon armour (worn)
 e - a shadow dragon hide
 y - a +2 helmet (worn)
 D - a +0 pair of boots of running (worn)
 H - a +1 pair of gloves of strength (worn)
Rods
 g - a +4 iron rod (11/16)
   (You acquired it on level 2 of the Lair of Beasts)
 E - a +10 rod of ignition (3/18)
   (Pakellas gifted it to you on level 10 of the Dungeon)
 W - a +6 rod of clouds (7/17)
   (You bought it in a shop on level 2 of the Orcish Mines)
Jewellery
 m - an uncursed ring of flight
 p - an uncursed ring of see invisible {unknown}
 w - an uncursed ring of resist corrosion
 N - the ring "Wech" (left hand) {rF+ Str+4 Int-2 Dex+8}
   (You found it on level 6 of the Dungeon)

   [ring of protection from fire]

   It affects your strength (+4).
   It affects your intelligence (-2).
   It affects your dexterity (+8).
   It protects you from fire.
 S - the ring of Grace (right hand) {Ice Str+8 Int+3}
   (You took it off a deep elf annihilator on level 3 of the Elven Halls)

   [ring of ice]

   It enhances your ice magic, and weakens your fire magic.
   It affects your strength (+8).
   It affects your intelligence (+3).
   It makes you vulnerable to fire.
   It protects you from cold.
 U - the amulet of Mirth (around neck) {Gourm Fragile rN++}
   (You took it off a deep elf knight on level 3 of the Elven Halls)

   [amulet of the gourmand]

   It allows you to eat raw meat even when not hungry.
   It greatly protects you from negative energy.
   It will be destroyed if unequipped.
Wands
 a - a wand of digging (9/24)
 c - a wand of heal wounds (6/9)
 t - a wand of disintegration (7/24)
 B - a wand of lightning (9/15)
 J - a wand of confusion (5/48)
 K - a wand of iceblast (2/15)
 O - a wand of paralysis (2/24)
 Q - a wand of lightning (11/15)
 V - a wand of teleportation (9/9)
 Y - a wand of hasting (8/9)
Scrolls
 h - 7 scrolls of teleportation
 i - 3 scrolls of blinking
 l - 30 scrolls of identify
 r - 14 scrolls of remove curse
 v - a scroll of silence
 X - a scroll of magic mapping
Potions
 j - 6 potions of curing
 o - 2 potions of magic
 q - a potion of flight
 u - 6 potions of agility
 G - 7 potions of heal wounds
Miscellaneous
 f - a fan of gales
 z - a lamp of fire
 M - a stone of tremors
Comestibles
 k - 5 fruits
 n - 4 chunks of flesh
 x - a meat ration
 A - a slice of pizza


   Skills:
 - Level 10.1 Fighting
 + Level 23.9 Axes
 + Level 20.6 Armour
 - Level 10.0 Dodging
 - Level 7.6 Stealth
 - Level 2.0 Spellcasting
 - Level 5.0 Necromancy
 - Level 5.6 Translocations
 O Level 27 Evocations


You had 14 spell levels left.
You knew the following spells:

 Your Spells              Type           Power        Failure   Level  Hunger
a - Animate Skeleton      Necr           N/A          2%          1    #......
b - Summon Butterflies    Summ           #.......     21%         1    #......
c - Apportation           Tloc           ####......   1%          1    #......
d - Animate Dead          Necr           N/A          28%         4    #####..
e - Swiftness             Chrm/Air       #.......     34%         2    ##.....
f - Repel Missiles        Chrm/Air       #.....       34%         2    ##.....


Dungeon Overview and Level Annotations

Branches:
Dungeon (15/15)            Temple (1/1) D:4            Lair (8/8) D:8
  Swamp (4/4) Lair:6       Spider (4/4) Lair:4        Slime (0/6) Lair:7
    Orc (2/2) D:11            Elf (3/3) Orc:2        Vaults (5/5) D:14
  Crypt (0/3) Vaults:2     Depths (0/5) D:15

Altars:
Ashenzari
Cheibriados
Dithmenos
Elyvilon
Fedhas
Gozag
Kikubaaqudgha
Makhleb
Nemelex Xobeh
Okawaru
Pakellas
Qazlal
Ru
Sif Muna
Trog
Vehumet
Xom
Yredelemnul
Zin
The Shining One
Beogh

Shops:
D:6 *   D:9 =   D:12 [   Orc:2 }:([   Elf:3 ?   Vaults:3 [

Annotations:
Lair:5 exclusion: oklob plant
Elf:3 nikopol's ghost, adept MiBe


Innate Abilities, Weirdness & Mutations

You are resistant to damage.
You can recharge devices by infusing magical energy.
You resist negative energy.
You passively map a large area around you.
You do not regenerate naturally.


Message History

The vault warden is almost dead.
You completely miss the ironbrand convoker.
The ironbrand convoker is almost dead.
The ironbrand convoker is struck by lightning.
You kill the ironbrand convoker!
Pakellas accepts your kill.
You feel your power returning.
The vault warden is struck by lightning.
You kill the vault warden!
Pakellas accepts your kill.
You feel your power returning.
The tengu reaver gestures at you while chanting.
The bolt of lightning hits you!
* * * LOW HITPOINT WARNING * * *
The battlesphere fires!
The barrage of energy hits you!
* * * LOW HITPOINT WARNING * * *
The deep elf mage points at you and mumbles some strange words.
The bolt of cold hits you!
You die...
Pakellas says: Time to start the next experiment...

#################* * *
................. ,,
................, , , , ,,
####........############
*** *
..................§*§§..,,
,,, .....#....#.....@§BY§#
* * ,
###..#....#.....§§§§§# ,
,,,
#..#....#..#####Qe§+.., **
#..#....#..# *pY§#.. #
#..#....#..#, Y§# * ,,,*
###..#....#..# .§§C ,,*,
.##..#....#..# ' *, .§§. ,
, * .##..#....#... , .##+
, ..# #....#... ,, ,


You could see a tengu reaver, a boulder beetle, a vault guard, an ettin, a deep
elf mage, 3 ice beasts and a battlesphere.

Vanquished Creatures
  Sojobo (Vaults:2)
  Jorgrun (Swamp:1)
  Rupert (Orc:2)
  2 deep elf blademasters (Elf:3)
  Asterion (Vaults:1)
  A deep elf master archer (Elf:3)
  2 liches
  3 sphinxes
  3 titans (Vaults:5)
  A tentacled starspawn (Abyss:4)
  2 ancient champions (Vaults:1)
  2 thorn hunters
  Agnes (Vaults:1)
  2 shadow dragons (Vaults:5)
  A storm dragon (Vaults:5)
  An azure jelly (shapeshifter) (Vaults:5)
  4 tengu reavers
  Donald (Swamp:2)
  3 frost giants (Vaults:5)
  An iron dragon (Vaults:5)
  12 vault wardens
  Wiglaf (Vaults:4)
  Louise (Vaults:1)
  2 emperor scorpions (Spider:4)
  An orc warlord (Vaults:5)
  4 ghost moths (Spider:4)
  6 deep elf sorcerers
  4 deep elf elementalists
  17 ironheart preservers
  2 spriggan defenders (Vaults:1)
  2 very ugly things
  Nessos (D:14)
  8 stone giants
  The ghost of Mellonil the Cleaver, a journeyman HOFi of Makhleb (IceCv)
  2 war gargoyles
  7 deep elf annihilators
  2 salamander stormcallers
  6 deep elf demonologists
  5 spark wasps
  Azrael (Orc:2)
  2 fire dragons
  5 ettins
  8 yaktaur captains
  2 deep elf death magi (Elf:3)
  34 vault guards
  5 deep elf high priests
  Harold (Lair:4)
  3 ghost crabs
  A rakshasa (Abyss:4)
  4 catoblepae
  23 hydras
  5 entropy weavers
  6 centaur warriors
  A death knight (Vaults:1)
  5 alligators
  The ghost of barakagiga the Lord of Darkness, a journeyman DEIE of Kikubaaqudgha (Lair:7)
  6 ogre magi
  4 deep troll shamans
  11 death yaks
  A deep troll earth mage (Vaults:3)
  29 dancing weapons
  2 spriggan berserkers (Swamp:4)
  3 orc high priests (Orc:2)
  Nergalle (Lair:4)
  42 deep elf knights
  Sonja (Orc:2)
  A wretched star (Abyss:4)
  A salamander mystic (Vaults:2)
  2 shadow wraiths
  5 hell knights
  22 deep elf archers
  15 deep trolls
  A spriggan druid (Swamp:3)
  An unseen horror (Vaults:1)
  5 hill giants
  3 wizards
  13 swamp dragons
  2 giant orange brains
  3 shambling mangroves (Swamp:4)
  2 phantasmal warriors (Vaults:5)
  3 large abominations
  2 wolf spider zombies
  12 harpies
  14 orc knights
  26 ugly things
  44 wolf spiders
  13 ironbrand convokers
  2 necromancers
  A manticore (D:11)
  16 orb spiders
  7 orc sorcerers
  5 griffons
  A worldbinder (Abyss:4)
  86 deep elf magi
  3 salamanders (Vaults:2)
  3 hornets
  A faun (shapeshifter) (Vaults:1)
  4 oklob plants (Lair:5)
  An octopode (shapeshifter) (Vaults:1)
  2 centaur zombies
  7 cyclopes
  An elephant (shapeshifter) (Vaults:4)
  A guardian serpent (D:11)
  2 moths of wrath
  5 black mambas
  4 torpor snails
  An apocalypse crab (Abyss:4)
  23 elephants
  2 molten gargoyles (Volcano)
  15 spiny frogs
  A spiny frog (shapeshifter) (Vaults:2)
  2 gargoyles
  3 ice statues (IceCv)
  13 vault sentinels
  A komodo dragon (shapeshifter) (Vaults:2)
  2 rime drakes (Lair:6)
  5 kobold demonologists
  8 ice devils (IceCv)
  21 demonic crawlers
  An efreet (Abyss:4)
  10 komodo dragons
  7 freezing wraiths
  An ancient zyme (Abyss:4)
  30 yaktaurs
  A merfolk (shapeshifter) (Vaults:5)
  5 trolls
  A polar bear (shapeshifter) (Vaults:1)
  A queen bee (shapeshifter) (Elf:1)
  2 polar bears (D:14)
  39 jumping spiders
  3 giant leeches
  11 two-headed ogres
  5 raiju (Abyss:4)
  18 blink frogs
  5 boulder beetles
  A blink frog (shapeshifter) (Elf:2)
  A stone giant simulacrum (Vaults:1)
  37 slime creatures
  Sigmund (D:2)
  98 redbacks
  45 tarantellas
  4 spriggans
  5 air elementals
  A wyvern (D:9)
  A shadow (Swamp:1)
  46 yaks
  2 hungry ghosts
  9 water elementals
  12 fire elementals
  10 hippogriffs
  The ghost of curty the Grave Robber, an amateur DDNe (D:4)
  2 basilisks
  A fire bat (D:6)
  11 vampire mosquitoes
  A steam dragon (D:12)
  A hog (shapeshifter) (D:15)
  A hippogriff (shapeshifter) (Elf:2)
  2 neqoxecs (Abyss:4)
  12 swamp worms
  A human simulacrum (Vaults:3)
  3 mottled dragons
  13 insubstantial wisps
  5 wargs
  16 water moccasins
  4 hell hounds
  A naga (shapeshifter) (Vaults:1)
  A soldier ant (D:12)
  12 porcupines
  6 swamp drakes
  An eye of draining (D:15)
  32 orc warriors
  6 ice beasts
  12 wasps
  7 sky beasts
  A necrophage (D:8)
  9 boggarts
  4 phantoms
  21 ogres
  16 wolves
  10 centaurs
  13 crocodiles
  14 big kobolds
  25 giant frogs
  2 wyvern zombies (Ossuary)
  3 earth elementals
  2 small abominations (Abyss:4)
  A water moccasin zombie (D:12)
  2 wyvern skeletons
  4 scorpions
  10 killer bees
  7 electric eels
  9 wights
  2 howler monkeys (D:3)
  12 bog bodies
  3 crimson imps
  7 giant frog zombies
  2 lava snakes (Volcano)
  A quasit (D:8)
  2 draconian simulacra (IceCv)
  3 centaur skeletons
  19 orc priests
  4 hounds
  8 jellies
  26 orc wizards
  4 giant frog skeletons
  14 iguanas
  13 hell rats (Lair:4)
  2 troll simulacra (IceCv)
  15 worker ants
  Terence (D:3)
  3 killer bee zombies
  2 spriggan simulacra (IceCv)
  22 sheep
  3 centaur simulacra (IceCv)
  6 hound zombies (Ossuary)
  4 hound skeletons (D:4)
  13 mummies (Ossuary)
  5 worker ant zombies
  15 gnolls
  83 river rats
  12 adders
  An ogre simulacrum (IceCv)
  2 shadow imps
  2 white imps (D:14)
  An ufetubus (Abyss:4)
  An ooze (shapeshifter) (D:15)
  2 oozes
  An adder zombie (Ossuary)
  An adder skeleton (D:4)
  A worm (D:4)
  2 dart slugs
  5 giant geckos
  104 orcs
  2 ball pythons
  3 giant cockroaches
  3 goblins
  5 hobgoblins
  20 jackals
  26 kobolds
  2 quokkas
  11 bats
  A giant cockroach zombie (Ossuary)
  2 giant newts
  A jackal zombie (Ossuary)
  A quokka zombie (Ossuary)
  31 rats
  A spectral orc (D:6)
  7 briar patches (Swamp:3)
  3 bushes
  A crawling corpse (Elf:3)
  14 fungi
  22 plants
  A starspawn tentacle (Abyss:4)
2068 creatures vanquished.

Vanquished Creatures (collateral kills)
  Arachne (Spider:2)
  2 deep troll shamans (Vaults:4)
  A wolf spider (Spider:2)
  A jumping spider (Spider:2)
  2 redbacks (Spider:2)
7 creatures vanquished.

Vanquished Creatures (others)
  Margery (Vaults:2)
  2 tengu reavers
  A deep elf elementalist (Elf:3)
  A necromancer (D:14)
  A deep elf mage (Elf:3)
  A spiny frog (Swamp:3)
  An orc wizard (D:8)
  A kobold (D:10)
  A briar patch (Swamp:3)
  19 fungi
  22 plants
  A starspawn tentacle (Abyss:4)
  A withered plant (Ossuary)
53 creatures vanquished.

Grand Total: 2128 creatures vanquished

Notes
Turn   | Place    | Note
--------------------------------------------------------------
     0 | D:1      | curty the Deep Dwarf Necromancer began the quest for the Orb.
     0 | D:1      | Reached XP level 1. HP: 15/15 MP: 3/3
   153 | D:1      | Reached XP level 2. HP: 22/22 MP: 1/5
   839 | D:2      | Reached XP level 3. HP: 25/28 MP: 4/6
   906 | D:2      | Learned a level 3 spell: Vampiric Draining
   907 | D:2      | Noticed Terence
   964 | D:2      | Noticed Sigmund
  1266 | D:2      | Reached XP level 4. HP: 30/36 MP: 0/7
  1431 | D:3      | Found a shimmering altar of Xom.
  1795 | D:3      | Reached skill level 5 in Necromancy
  1998 | D:4      | Noticed curty's ghost (amateur DDNe)
  2147 | D:3      | Reached skill level 1 in Armour
  2192 | D:3      | Reached XP level 5. HP: 30/42 MP: 2/8
  2406 | D:3      | Reached skill level 5 in Stealth
  2553 | D:4      | Reached XP level 6. HP: 32/49 MP: 4/9
  2613 | D:3      | Reached skill level 1 in Evocations
  2760 | D:4      | Found a staircase to the Ecumenical Temple.
  2797 | Temple   | Entered the Ecumenical Temple
  2879 | Temple   | Became a worshipper of Pakellas the Inventive
  3091 | D:4      | Reached skill level 2 in Evocations
  3233 | D:4      | Reached XP level 7. HP: 24/56 MP: 2/10
  3269 | D:4      | Reached skill level 3 in Evocations
  3331 | D:4      | Reached skill level 4 in Evocations
  3721 | D:5      | Entered Level 5 of the Dungeon
  4094 | D:4      | Reached skill level 1 in Fighting
  4094 | D:4      | Reached skill level 5 in Evocations
  4212 | D:4      | Reached skill level 6 in Evocations
  4386 | D:5      | Reached * piety under Pakellas
  4386 | D:5      | Received a gift from Pakellas
  4919 | D:2      | Killed Sigmund
  4919 | D:2      | Reached skill level 7 in Evocations
  4919 | D:2      | Reached XP level 8. HP: 30/68 MP: 3/13
  5057 | D:3      | Killed Terence
  5258 | D:6      | Reached skill level 8 in Evocations
  5353 | D:6      | Found Loohagg's General Store.
  5388 | D:6      | Bought 8 bolts for 20 gold pieces
  5388 | D:6      | Bought a +0 arbalest for 58 gold pieces
  5388 | D:6      | Bought a +1 pair of gloves of strength for 214 gold pieces
  5421 | D:6      | Reached skill level 9 in Evocations
  5659 | D:6      | Found a basalt altar of Yredelemnul.
  5689 | D:6      | Reached skill level 10 in Evocations
  5722 | D:6      | Got a crude bone ring
  5724 | D:6      | Identified the ring "Wech" {rF+ Str+4 Int-2 Dex+8} (You found it on level 6 of the Dungeon)
  5995 | D:7      | Gained mutation: You passively map the area around you. [Deep Dwarf growth]
  5995 | D:7      | Reached XP level 9. HP: 51/78 MP: 3/16
  6384 | D:7      | Reached skill level 11 in Evocations
  6832 | D:8      | Reached ** piety under Pakellas
  6832 | D:8      | Received a gift from Pakellas
  6973 | D:8      | Found a sand-covered staircase.
  7180 | Ossuary  | Entered an ossuary
  7248 | Ossuary  | Reached skill level 5 in Armour
  7274 | Ossuary  | Reached skill level 12 in Evocations
  7855 | D:8      | Reached XP level 10. HP: 55/85 MP: 3/19
  7936 | D:6      | Bought a scroll of brand weapon for 260 gold pieces
  7947 | D:6      | Identified a scroll of acquirement
  8034 | D:8      | Reached skill level 1 in Axes
  8343 | D:8      | Found a staircase to the Lair.
  8416 | D:8      | Reached *** piety under Pakellas
  8416 | D:8      | Received a gift from Pakellas
  9188 | D:9      | Reached skill level 5 in Axes
  9347 | D:9      | Found Didd's Jewellery Emporium.
  9541 | D:9      | Found a deep blue altar of Sif Muna.
  9543 | D:9      | Found a bloodstained altar of Trog.
  9543 | D:9      | Found an ancient bone altar of Kikubaaqudgha.
  9609 | D:10     | Entered Level 10 of the Dungeon
  9940 | D:6      | Learned a level 1 spell: Animate Skeleton
 10067 | D:10     | Reached skill level 13 in Evocations
 10067 | D:10     | Reached **** piety under Pakellas
 10067 | D:10     | Received a gift from Pakellas
 10705 | D:10     | Reached XP level 11. HP: 74/92 MP: 10/21
 10713 | D:10     | Reached ***** piety under Pakellas
 10713 | D:10     | Received a gift from Pakellas
 10916 | Lair:1   | Entered Level 1 of the Lair of Beasts
 10937 | Lair:1   | Reached skill level 5 in Dodging
 10950 | Lair:1   | Reached skill level 14 in Evocations
 11364 | Lair:2   | Got a pitted hand axe
 11365 | Lair:2   | Identified the +11 hand axe of the Rat {speed, MR+} (You found it on level 2 of the Lair of Beasts)
 11587 | Lair:2   | Identified a +9 rod of ignition (9/9) (Pakellas gifted it to you on level 10 of the Dungeon)
 13320 | Lair:4   | Reached XP level 12. HP: 92/99 MP: 5/23
 13616 | Lair:4   | Reached ****** piety under Pakellas
 13735 | Lair:4   | Noticed Nergalle
 13752 | Lair:4   | Killed Nergalle
 13752 | Lair:4   | Reached skill level 15 in Evocations
 13783 | Lair:4   | Reached skill level 10 in Axes
 13933 | Lair:4   | Found a hole to the Spider Nest.
 13963 | Lair:4   | Noticed Harold
 14009 | Lair:4   | Noticed a catoblepas
 14289 | D:11     | Identified a +10 rod of ignition (18/18) (supercharged by Pakellas)
 14320 | D:11     | Found a staircase to the Orcish Mines.
 14585 | D:11     | Learned a level 1 spell: Apportation
 14941 | Orc:1    | Entered Level 1 of the Orcish Mines
 14994 | Orc:1    | Reached skill level 1 in Translocations
 15039 | Orc:1    | Found a dark tunnel.
 15060 | Volcano  | Entered a volcano
 15286 | Volcano  | Found a bloodstained altar of Trog.
 15286 | Volcano  | Noticed an ogre mage
 15303 | Volcano  | Killed an ogre mage
 15779 | Orc:1    | Reached skill level 10 in Armour
 15924 | Orc:2    | Entered Level 2 of the Orcish Mines
 15933 | Orc:2    | Noticed Azrael
 15947 | Orc:2    | Noticed Sonja
 15960 | Orc:2    | Killed Sonja
 15969 | Orc:2    | Killed Azrael
 16008 | Orc:2    | Noticed Rupert
 16029 | Orc:1    | Reached skill level 16 in Evocations
 16087 | Orc:2    | Found a staircase to the Elven Halls.
 16087 | Orc:2    | Found a roughly hewn altar of Beogh.
 16205 | Orc:2    | Killed Rupert
 16205 | Orc:2    | Reached XP level 13. HP: 57/108 MP: 7/25
 16414 | Orc:2    | Reached skill level 5 in Fighting
 16551 | Orc:2    | Reached skill level 5 in Translocations
 16958 | Orc:2    | Reached skill level 10 in Dodging
 16968 | Orc:2    | Found Deqeneuni's Weapon Boutique.
 16968 | Orc:2    | Found Tubu's Armour Emporium.
 16970 | Orc:2    | Found Kydeul's Gadget Boutique.
 16970 | Orc:2    | Found Pecworeh's Book Emporium.
 16981 | Orc:2    | Bought a +3 ring mail of fire resistance for 338 gold pieces
 17316 | Lair:2   | Gained mutation: You resist negative energy. [Deep Dwarf growth]
 17316 | Lair:2   | Reached XP level 14. HP: 104/117 MP: 5/25
 17810 | Lair:4   | Killed Harold
 18785 | Lair:5   | Reached skill level 17 in Evocations
 18954 | Lair:6   | Found a frozen archway.
 18969 | IceCv    | Entered an ice cave
 18969 | IceCv    | Noticed Mellonil's ghost (journeyman HOFi)
 19005 | IceCv    | Killed Mellonil's ghost
 19086 | IceCv    | Reached XP level 15. HP: 69/129 MP: 6/26
 19735 | Lair:6   | Found a staircase to the Swamp.
 20386 | Lair:7   | Noticed barakagiga's ghost (journeyman DEIE)
 20400 | Lair:7   | Killed barakagiga's ghost
 20518 | Lair:7   | Found a staircase to the Slime Pits.
 20801 | Lair:8   | Entered Level 8 of the Lair of Beasts
 21786 | Lair:8   | Reached skill level 18 in Evocations
 21946 | Lair:8   | Got a warped executioner's axe
 21947 | Lair:8   | Identified the +3 executioner's axe of Defence {flame, rPois rN+ Dex-4 SInv} (You found it on level 8 of the Lair of Beasts)
 21952 | Lair:8   | Got a blackened short sword
 21953 | Lair:8   | Identified the +7 short sword "Neimmab" {antimagic, rElec Str+3} (You found it on level 8 of the Lair of Beasts)
 22220 | Spider:1 | Entered Level 1 of the Spider Nest
 22715 | Spider:1 | Reached XP level 16. HP: 105/142 MP: 3/28
 23446 | D:12     | Reached skill level 19 in Evocations
 23671 | D:12     | Found Lacilec's Antique Armour Boutique.
 24647 | D:14     | Found a gate to the Vaults.
 24758 | D:14     | Found a shattered altar of Ashenzari.
 24771 | D:14     | Got a spiked scale mail
 24772 | D:14     | Identified the +5 scale mail of the Prince of Darkness {+Fly rElec Dex+3} (You found it on level 14 of the Dungeon)
 24861 | D:14     | Noticed Nessos
 24882 | D:14     | Killed Nessos
 25257 | D:15     | Entered Level 15 of the Dungeon
 25606 | D:15     | Found a staircase to the Depths.
 25655 | D:15     | Noticed a sphinx
 25655 | D:15     | a sphinx changed into an azure jelly
 25665 | D:15     | Noticed a sphinx
 25686 | D:15     | Noticed a quicksilver dragon
 25692 | D:15     | Noticed a caustic shrike
 25692 | D:15     | a frost giant changed into a caustic shrike
 25693 | D:15     | Noticed a golden dragon
 25693 | D:15     | a caustic shrike changed into a golden dragon
 25694 | D:15     | a golden dragon changed into an iron dragon
 25717 | D:15     | Noticed a titan
 25734 | D:15     | Noticed a hellephant
 25734 | D:15     | a titan changed into a hellephant
 25741 | D:15     | Noticed a shadow dragon
 25741 | D:15     | an iron dragon changed into a shadow dragon
 25741 | D:15     | a shadow dragon changed into a stone giant
 26187 | Swamp:1  | Entered Level 1 of the Swamp
 26204 | Swamp:1  | Reached skill level 15 in Axes
 26520 | Swamp:1  | Noticed a thorn hunter
 26535 | Swamp:1  | Killed a thorn hunter
 26535 | Swamp:1  | Reached skill level 20 in Evocations
 26899 | Swamp:2  | Noticed Jorgrun
 26936 | Swamp:1  | Killed Jorgrun
 27436 | Swamp:2  | Noticed Donald
 27447 | Swamp:2  | Killed Donald
 27651 | Swamp:3  | Noticed a thorn hunter
 27686 | Swamp:3  | Identified a +0 pair of boots of running (You found it on level 3 of the Swamp)
 27740 | Swamp:3  | Killed a thorn hunter
 28613 | Lair:2   | Learned a level 1 spell: Summon Butterflies
 28618 | Lair:2   | Learned a level 4 spell: Animate Dead
 28823 | Swamp:4  | Entered Level 4 of the Swamp
 28863 | Swamp:4  | Reached XP level 17. HP: 151/152 MP: 5/30
 28964 | Swamp:4  | Reached skill level 10 in Fighting
 29022 | Swamp:4  | Reached skill level 15 in Armour
 29255 | Swamp:4  | Got a decaying rune of Zot
 30201 | Elf:1    | Entered Level 1 of the Elven Halls
 30894 | Elf:1    | Reached skill level 21 in Evocations
 31071 | Elf:1    | Got a bloodstained leather armour
 31072 | Elf:1    | Identified the +1 leather armour of Twilight {rF+ rCorr Dex+2} (You found it on level 1 of the Elven Halls)
 31192 | Elf:1    | Learned a level 2 spell: Swiftness
 31195 | Elf:1    | Learned a level 2 spell: Repel Missiles
 31692 | Orc:2    | Bought a +2 rod of clouds (14/14) for 1863 gold pieces
 32263 | Elf:2    | Gained mutation: You passively map a large area around you. [Deep Dwarf growth]
 32263 | Elf:2    | Reached XP level 18. HP: 111/160 MP: 5/31
 32313 | Elf:2    | Found a huge runed gate.
 32315 | Elf:2    | Found a huge runed gate.
 32318 | Elf:2    | Found a huge runed gate.
 32665 | Elf:3    | Entered Level 3 of the Elven Halls
 32706 | Elf:3    | Reached skill level 22 in Evocations
 33052 | Elf:3    | Found Cegymezonn's Magic Scroll Boutique.
 33068 | Elf:3    | Bought a scroll of remove curse for 39 gold pieces
 33068 | Elf:3    | Bought a scroll of enchant weapon for 97 gold pieces
 33068 | Elf:3    | Bought a scroll of blinking for 97 gold pieces
 33068 | Elf:3    | Bought a scroll of remove curse for 39 gold pieces
 33068 | Elf:3    | Bought a scroll of teleportation for 39 gold pieces
 33654 | Vaults:1 | Entered Level 1 of the Vaults
 33907 | Vaults:1 | Noticed Asterion
 33914 | Vaults:1 | Killed Asterion
 34392 | Vaults:1 | Got an ancient copper ring
 34394 | Vaults:1 | Identified the ring of the Traitor {rPois Dex+3 Stlth+} (You found it on level 1 of the Vaults)
 34710 | Vaults:1 | Reached skill level 23 in Evocations
 34719 | Vaults:1 | Noticed Agnes
 34731 | Vaults:1 | Killed Agnes
 34802 | Vaults:1 | Noticed Louise
 35083 | Vaults:1 | Reached XP level 19. HP: 155/168 MP: 14/33
 35206 | Vaults:1 | Killed Louise
 35631 | Vaults:2 | Noticed Margery
 35642 | Vaults:2 | Cast into level 4 of the Abyss (Margery)
 35885 | Vaults:2 | Escaped the Abyss
 35911 | Vaults:2 | Killed Margery
 35916 | Vaults:2 | Reached skill level 24 in Evocations
 36049 | Vaults:2 | Noticed Sojobo
 36093 | Vaults:2 | Killed Sojobo
 36188 | Vaults:2 | Found a staircase to the Crypt.
 38151 | Vaults:3 | Reached XP level 20. HP: 145/176 MP: 35/35
 38194 | Vaults:3 | Reached skill level 25 in Evocations
 38225 | Vaults:3 | Found a flickering gateway to a bazaar.
 38231 | Bazaar   | Entered a bazaar
 38235 | Bazaar   | Found Yggouxig's Food Boutique.
 38251 | Bazaar   | Found Laimakuf's Distillery.
 38268 | Bazaar   | Found Silimiu's Book Boutique.
 38285 | Bazaar   | Found Goavoeh's Antique Armour Shoppe.
 38305 | Bazaar   | Bought a book of Enchantments for 600 gold pieces
 38320 | Bazaar   | Bought a potion of curing for 30 gold pieces
 38320 | Bazaar   | Bought a potion of heal wounds for 50 gold pieces
 38320 | Bazaar   | Bought a potion of heal wounds for 50 gold pieces
 38320 | Bazaar   | Bought a potion of curing for 30 gold pieces
 38335 | Bazaar   | Bought a royal jelly for 18 gold pieces
 38335 | Bazaar   | Bought a meat ration for 45 gold pieces
 38335 | Bazaar   | Bought a meat ration for 45 gold pieces
 38335 | Bazaar   | Bought a bread ration for 45 gold pieces
 38335 | Bazaar   | Bought a bread ration for 45 gold pieces
 38335 | Bazaar   | Bought a bread ration for 45 gold pieces
 38335 | Bazaar   | Bought a bread ration for 45 gold pieces
 38335 | Bazaar   | Bought a bread ration for 45 gold pieces
 38364 | Vaults:3 | Got a jewelled quarterstaff
 39120 | Vaults:3 | Reached skill level 26 in Evocations
 39354 | Vaults:3 | Found Weosint's Armour Emporium.
 39870 | Vaults:4 | Identified the +8 quarterstaff of Makhleb's Whim {crush, MR+ Str+4 Dex+5} (You found it on level 3 of the Vaults)
 40173 | Vaults:4 | Noticed Mara
 40183 | Vaults:4 | Noticed curty's illusion
 40207 | Vaults:4 | Noticed curty's illusion
 40277 | Vaults:4 | Noticed curty's illusion
 40287 | Vaults:4 | Noticed curty's illusion
 40917 | D:4      | Killed curty's ghost
 41241 | Vaults:3 | Reached skill level 27 in Evocations
 41509 | Vaults:4 | Noticed Wiglaf
 41518 | Vaults:4 | Killed Wiglaf
 41599 | Vaults:5 | Entered Level 5 of the Vaults
 41874 | Vaults:4 | Noticed curty's illusion
 41876 | Vaults:4 | Reached XP level 21. HP: 178/183 MP: 14/37
 41972 | Vaults:4 | Noticed curty's illusion
 42052 | Vaults:4 | Noticed curty's illusion
 42699 | Elf:3    | Got a shimmering steel amulet
 42734 | Elf:3    | Got a steaming dagger {pain}
 42742 | Elf:3    | Noticed nikopol's ghost (adept MiBe)
 42842 | Elf:3    | Got a bloodstained chain mail
 42844 | Elf:3    | Got a distressingly furry ring mail
 42845 | Elf:3    | Identified the cursed +1 chain mail of Fedhas's Vengeance {rC++ Int+6 Dex-2} (You found it on level 3 of the Elven Halls)
 42846 | Elf:3    | Identified the +2 ring mail of the Gastropod {Str-5 Int+5} (You found it on level 3 of the Elven Halls)
 42884 | Elf:3    | Got a clouded wooden ring
 42889 | Elf:3    | Got a pitted amethyst amulet
 42950 | Elf:3    | Identified the +6 dagger "Vonac" {pain, Str+4} (You took it off a deep elf knight on level 3 of the Elven Halls)
 42952 | Elf:3    | Identified the amulet of Mirth {Gourm Fragile rN++} (You took it off a deep elf knight on level 3 of the Elven Halls)
 42953 | Elf:3    | Identified the amulet of the Eleven Seas {Faith rN+} (You took it off a deep elf sorcerer on level 3 of the Elven Halls)
 42956 | Elf:3    | Identified the ring of Grace {Ice Str+8 Int+3} (You took it off a deep elf annihilator on level 3 of the Elven Halls)
 44047 | Spider:2 | Noticed Arachne
 44104 | Spider:2 | Killed Arachne
 46881 | Spider:4 | Entered Level 4 of the Spider Nest
 46919 | Spider:4 | Reached XP level 22. HP: 176/190 MP: 38/38
 47588 | Spider:4 | Got a gossamer rune of Zot
 49164 | Vaults:5 | Killed from afar by a deep elf mage

Skill      XL: |  1  2  3  4  5  6  7  8  9 10 11 12 13 14 15 16 17 18 19 20 21 22 |
---------------+-------------------------------------------------------------------+-----
Spellcasting   | 2 |  2.0
Stealth        | 3 4 5 7 |  7.6
Necromancy     | 5 |  5.0
Dodging        | 3 4 7 9 10 | 10.0
Armour         | 1 3 4 6 8 10 12 13 14 15 16 18 20 | 20.6
Evocations     | 2 7 10 12 13 14 16 17 18 20 21 23 24 27 | 27.0
Fighting       | 2 4 5 7 8 9 10 | 10.1
Axes           | 8 9 10 11 13 15 17 19 20 21 22 23 | 23.9
Translocations | 4 5 |  5.6

Action                   |  1- 3 |  4- 6 |  7- 9 | 10-12 | 13-15 | 16-18 | 19-21 | 22-24 || total
-------------------------+-------+-------+-------+-------+-------+-------+-------+-------++-------
Melee: Spear             |    41 |   134 |   939 |     7 |       |       |       |       ||  1121
       Mace              |       |     6 |       |       |       |       |       |       ||     6
       Battleaxe         |       |       |       |   694 |   552 |    87 |    35 |       ||  1368
       Hand axe          |       |       |       |   165 |       |       |       |       ||   165
       Executioner's axe |       |       |       |       |   119 |  1007 |   852 |   256 ||  2234
       Morningstar       |       |       |       |       |    84 |       |       |       ||    84
Throw: Throwing net      |       |       |       |     3 |       |       |       |       ||     3
 Cast: Pain              |    41 |     9 |       |       |       |       |       |       ||    50
       Vampiric Draining |     5 |    35 |     1 |       |       |       |       |       ||    41
       Animate Skeleton  |       |       |       |       |       |     1 |     3 |     1 ||     5
       Apportation       |       |       |       |       |       |       |     1 |       ||     1
Invok: Quick Charge      |       |       |    14 |    30 |    37 |    85 |    65 |    32 ||   263
       Device Surge      |       |       |       |     2 |       |       |     1 |       ||     3
       Supercharge       |       |       |       |     1 |       |       |       |       ||     1
 Abil: Evoke Flight      |       |       |       |     1 |       |     1 |     1 |       ||     3
       Device Recharging |       |       |       |       |     1 |       |       |       ||     1
Evoke: Wand              |       |     1 |    64 |    78 |    78 |   127 |   137 |    45 ||   530
       Rod               |       |       |       |    18 |    76 |   138 |   182 |    56 ||   470
       Fan of gales      |       |       |       |       |       |       |     1 |       ||     1
  Use: Scroll            |       |     3 |     9 |    20 |    10 |    13 |    17 |     1 ||    73
       Potion            |       |     4 |     1 |    10 |     6 |     3 |    11 |     2 ||    37
 Stab: Sleeping          |     4 |     3 |    11 |    17 |       |       |       |       ||    35
       Distracted        |       |     1 |     8 |     6 |     2 |       |       |     1 ||    18
       Confused          |       |       |    16 |    18 |     8 |     9 |     6 |       ||    57
       Paralysed         |       |       |    26 |    15 |       |       |       |     2 ||    43
  Eat: Chunk             |     2 |    11 |     9 |    40 |    48 |    95 |   104 |    28 ||   337
       Fruit             |       |     1 |     3 |     1 |    10 |     3 |       |       ||    18
       Pizza             |       |       |     2 |     1 |       |     2 |       |       ||     5
       Meat ration       |       |       |     1 |       |       |       |       |       ||     1
       Beef jerky        |       |       |       |       |     2 |     3 |       |       ||     5
       Bread ration      |       |       |       |       |       |     2 |     1 |       ||     3
Armor: Robe              |     6 |     1 |       |       |       |       |       |       ||     7
       Leather armour    |       |    28 |   146 |       |       |       |       |       ||   174
       Ring mail         |       |       |   185 |   261 |    17 |       |       |       ||   463
       Plate armour      |       |       |       |       |   578 |  1104 |   511 |       ||  2193
       Fire dragon armou |       |       |       |       |       |       |   286 |   196 ||   482
Dodge: Dodged            |    33 |    95 |   585 |   637 |   747 |   916 |   766 |   291 ||  4070
Block: Buckler           |       |       |   148 |       |       |       |       |       ||   148
